General information
			
			
        
        - name: BNet
 
        - type: Ladder 1vs1/FFA
 
        - host: Battle.net
 
        - saver: DirtMcGirt
 
        
map: EchoIsles 
        - players: 2
 
        - length: 03:43
 
        - speed: Fast
 - version: 1.22 W3XP
 - replay type:  Public
 
» download(10 KB)
Players
        team 1 (winner) 
              
              
» 
DirtMcGirt (
purple | 60 APM | 223 actions | 03:43)
              
 1 Keeper of the Grove 
 1 Force of Nature
 
                » actions 
                
                | Assign group hotkey | 3 |  | 
| Build / train | 16 |  | 
| ESC pressed | 3 |  | 
| Enter build submenu | 9 |  | 
| Enter hero's abilities submenu | 1 |  | 
| Remove unit from queue | 1 |  | 
| Right click | 83 |  | 
| Select / deselect | 91 |  | 
| Select group hotkey | 1 |  | 
| Use ability | 15 |  | 
                223 total
 » units 
                » buildings
                
                | Altar of Elders | 1 |  | 
| Moon Well | 3 |  | 
| Ancient of War | 3 |  | 
                7 total
 » build order
                00:09 Altar of Elders
00:15 Moon Well
00:26 Ancient of War
00:30 Ancient of War
01:34 Ancient of War
02:24 Moon Well
03:42 Moon Well
 
               team 2 (loser) 
              
              
Think.Fast (
blue | 51 APM | 189 actions | 03:41)
              
                » actions 
                
                | Basic commands | 31 |  | 
| Build / train | 10 |  | 
| ESC pressed | 1 |  | 
| Enter build submenu | 8 |  | 
| Right click | 34 |  | 
| Select / deselect | 83 |  | 
| Use ability | 22 |  | 
                189 total
 » units 
                » upgrades
                » buildings
                
                | Lumber Mill | 1 |  | 
| Scout Tower | 4 |  | 
| Guard Tower | 3 |  | 
| Farm | 1 |  | 
                9 total
 » build order
                00:15 Lumber Mill
00:56 Scout Tower
00:59 Scout Tower
01:22 Guard Tower
01:25 Guard Tower
01:27 Farm
01:29 Scout Tower
02:11 Scout Tower
02:41 Guard Tower
 
                Chat log
          
(01:10 / All) Think.Fast: Hi
(01:17 / All) DirtMcGirt: hi gl hf
(01:32 / All) Think.Fast: I will thanks
(03:01 / All) DirtMcGirt: gg
(03:10 / All) Think.Fast: First smart night elf
(03:11 / All) Think.Fast: GG
(03:16 / All) DirtMcGirt: gg
(03:21 / All) Think.Fast: Thats only flaw in my game ive ever known of
(03:28 / All) DirtMcGirt: i thought fast ;)
(03:31 / All) Think.Fast: :P
(03:41 / All) Think.Fast: see ya gg